MLB
ARIZONA DIAMONDBACKS @ PITTSBURGH PIRATES
05/21/2023
 
TOP OF THE 1ST
Arizona Diamondbacks batting - Pitching for Pittsburgh Pirates : RHP Mike Clevinger
Pitching: RHP Mike Clevinger
Batting: LHB Justin Dirden 0-0: Ball
1-0: Ball
2-0: Ball
3-0: Fly out, F9 (Flyball, 9, EV 90.6 MPH)
Batting: RHB Amed Rosario 0-0: Called Strike
0-1: Ball
1-1: Fly out, F8 (Flyball, 8RD, EV 102.5 MPH)
Batting: RHB Miguel Andújar 0-0: Ball
1-0: Ground out 6-3 (Groundball, 6, EV 85.0 MPH)
Top of the 1st over - 0 runs, 0 hits, 0 errors, 0 left on base; Arizona 0 - Pittsburgh 0
BOTTOM OF THE 1ST
Pittsburgh Pirates batting - Pitching for Arizona Diamondbacks : LHP Eric Lauer
Pitching: LHP Eric Lauer
Batting: LHB Michael Brantley 0-0: Called Strike
0-1: Ball
1-1: Ball
2-1: Fly out, F6 (Line Drive, 6M, EV 65.6 MPH)
Batting: RHB Pete Alonso 0-0: Fly out, F7 (Flyball, 7S, EV 90.6 MPH)
Batting: RHB J.D. Davis 0-0: Ball
1-0: Ball
2-0: Ball
3-0: Called Strike
3-1: Foul Ball, location: 2F
3-2: Strikes out swinging
Bottom of the 1st over - 0 runs, 0 hits, 0 errors, 0 left on base; Arizona 0 - Pittsburgh 0
TOP OF THE 2ND
Arizona Diamondbacks batting - Pitching for Pittsburgh Pirates : RHP Mike Clevinger
Batting: RHB Isaac Paredes 0-0: Ball
1-0: Ball
2-0: Ball
3-0: SOLO HOME RUN (Flyball, 7LD, EV 92.5 MPH), Distance : 334 ft
Batting: SHB Jonah Heim 0-0: Called Strike
0-1: Swinging Strike
0-2: DOUBLE (Flyball, 8LXD, EV 102.5 MPH)
Batting: RHB Victor Robles 0-0: Ball
1-0: Ball
2-0: TRIPLE (Line Drive, 89XD, EV 102.5 MPH)
Jonah Heim scores
Batting: RHB Lewis Brinson 0-0: Ball
1-0: Fly out, F9 (Line Drive, 9S, EV 92.5 MPH)
Batting: RHB Josh Donaldson 0-0: Ground out 6-3 (Groundball, 6, EV 106.9 MPH)
Victor Robles scores
Batting: RHB Mauricio Dubon 0-0: Ground out 5-3 (Groundball, 56S, EV 86.3 MPH)
Top of the 2nd over - 3 runs, 3 hits, 0 errors, 0 left on base; Arizona 3 - Pittsburgh 0
BOTTOM OF THE 2ND
Pittsburgh Pirates batting - Pitching for Arizona Diamondbacks : LHP Eric Lauer
Batting: LHB Joc Pederson 0-0: Swinging Strike
0-1: Foul Ball, location: 3DF
0-2: Ground out 5-3 (Groundball, 6, EV 101.9 MPH)
Batting: RHB Enrique Hernández 0-0: Ball
1-0: Called Strike
1-1: Ball
2-1: Foul Ball, location: 7LSF
2-2: Strikes out swinging
Batting: LHB Donovan Walton 0-0: Called Strike
0-1: Ball
1-1: Called Strike
1-2: Ball
2-2: Ball
3-2: DOUBLE (Line Drive, 89D, EV 103.1 MPH)
Batting: RHB Christian Bethancourt 0-0: Ball
1-0: Ball
2-0: Ball
3-0: Called Strike
3-1: Foul Ball, location: 9LMF
3-2: Foul Ball, location: 2F
3-2: Strikes out swinging
Bottom of the 2nd over - 0 runs, 1 hit, 0 errors, 1 left on base; Arizona 3 - Pittsburgh 0
TOP OF THE 3RD
Arizona Diamondbacks batting - Pitching for Pittsburgh Pirates : RHP Mike Clevinger
Batting: LHB Justin Dirden 0-0: Ball
1-0: Foul Ball, location: 2F
1-1: Swinging Strike
1-2: Strikes out swinging
Batting: RHB Amed Rosario 0-0: Ground out 2-3 (Groundball, 2L, EV 70.0 MPH)
Batting: RHB Miguel Andújar 0-0: Ground out 5-3 (Groundball, 56, EV 82.5 MPH)
Top of the 3rd over - 0 runs, 0 hits, 0 errors, 0 left on base; Arizona 3 - Pittsburgh 0
BOTTOM OF THE 3RD
Pittsburgh Pirates batting - Pitching for Arizona Diamondbacks : LHP Eric Lauer
Batting: RHB Ryan Kreidler 0-0: Foul Ball, location: 5F
0-1: Ground out 2-3 (Groundball, 15S, EV 66.9 MPH)
Batting: SHB Greg Allen 0-0: Called Strike
0-1: SINGLE (Groundball, 4D, EV 105.0 MPH)
Batting: LHB Michael Brantley 0-0: Called Strike
Greg Allen steals 2nd base (no throw)
0-1: Ball
1-1: Foul Ball, location: 7LSF
1-2: Ball
2-2: Ground out U3 (Groundball, 3L, EV 88.8 MPH)
Greg Allen to third
Batting: RHB Pete Alonso 0-0: Called Strike
0-1: Swinging Strike
0-2: Strikes out swinging
Bottom of the 3rd over - 0 runs, 1 hit, 0 errors, 1 left on base; Arizona 3 - Pittsburgh 0
TOP OF THE 4TH
Arizona Diamondbacks batting - Pitching for Pittsburgh Pirates : RHP Mike Clevinger
Batting: RHB Isaac Paredes 0-0: Ball
1-0: Foul Ball, location: 5F
1-1: Fly out, F7 (Flyball, 7S, EV 84.4 MPH)
Batting: SHB Jonah Heim 0-0: Ball
1-0: Fly out, F9 (Flyball, 9S, EV 81.3 MPH)
Batting: RHB Victor Robles 0-0: Ground out U3 (Groundball, 34, EV 80.0 MPH)
Top of the 4th over - 0 runs, 0 hits, 0 errors, 0 left on base; Arizona 3 - Pittsburgh 0
BOTTOM OF THE 4TH
Pittsburgh Pirates batting - Pitching for Arizona Diamondbacks : LHP Eric Lauer
Batting: RHB J.D. Davis 0-0: Ball
1-0: Foul Ball, location: 9LSF
1-1: Ball
2-1: Foul Ball, location: 2LF
2-2: Ball
3-2: SINGLE (Groundball, 56D, EV 101.9 MPH)
Batting: LHB Joc Pederson 0-0: Ball
1-0: Ball
2-0: Ball
3-0: Base on Balls
J.D. Davis to second
Batting: RHB Enrique Hernández 0-0: Ball
1-0: Fly out, F8 (Flyball, 8RD, EV 103.8 MPH)
Batting: LHB Donovan Walton 0-0: Ball
1-0: Foul Ball, location: 3F
1-1: Ball
2-1: Ball
3-1: Called Strike
3-2: Strikes out swinging
Batting: RHB Christian Bethancourt 0-0: Ball
1-0: Ball
2-0: Ball
3-0: Called Strike
3-1: Ground out 4-3 (Groundball, 4, EV 76.9 MPH)
Bottom of the 4th over - 0 runs, 1 hit, 0 errors, 2 left on base; Arizona 3 - Pittsburgh 0
TOP OF THE 5TH
Arizona Diamondbacks batting - Pitching for Pittsburgh Pirates : RHP Mike Clevinger
Batting: RHB Lewis Brinson 0-0: Ball
1-0: Swinging Strike
1-1: Ball
2-1: Called Strike
2-2: Ball
3-2: SINGLE (Line Drive, 8RS, EV 98.8 MPH)
Batting: RHB Josh Donaldson 0-0: Called Strike
0-1: Swinging Strike
0-2: Ball
Wild Pitch!
Lewis Brinson to second
1-2: Strikes out swinging
Batting: RHB Mauricio Dubon 0-0: Ball
1-0: Foul Ball, location: 9LDF
1-1: Called Strike
1-2: Ball
2-2: Ball
3-2: Strikes out swinging
Batting: LHB Justin Dirden 0-0: Ball
1-0: Called Strike
1-1: Fly out, F8 (Flyball, 8LXD, EV 96.9 MPH)
Top of the 5th over - 0 runs, 1 hit, 0 errors, 1 left on base; Arizona 3 - Pittsburgh 0
BOTTOM OF THE 5TH
Pittsburgh Pirates batting - Pitching for Arizona Diamondbacks : LHP Eric Lauer
Batting: RHB Ryan Kreidler 0-0: Ball
1-0: Ground out U3 (Groundball, 3S, EV 71.3 MPH)
Batting: SHB Greg Allen 0-0: Called Strike
0-1: Ball
1-1: SINGLE (Line Drive, 34, EV 111.3 MPH)
Batting: LHB Michael Brantley 0-0: Called Strike
0-1: Ball
1-1: Fly out, F8 (Flyball, 8LM, EV 88.1 MPH)
Batting: RHB Pete Alonso 0-0: Ball
Greg Allen is caught stealing 2nd base 2-4
Bottom of the 5th over - 0 runs, 1 hit, 0 errors, 0 left on base; Arizona 3 - Pittsburgh 0
TOP OF THE 6TH
Arizona Diamondbacks batting - Pitching for Pittsburgh Pirates : RHP Mike Clevinger
Batting: RHB Amed Rosario 0-0: Called Strike
0-1: Ball
1-1: Fly out, F7 (Flyball, 7S, EV 83.1 MPH)
Batting: RHB Miguel Andújar 0-0: Ball
1-0: Called Strike
1-1: Foul Ball, location: 2F
1-2: Foul Ball, location: 2F
1-2: SINGLE (Line Drive, 8LS, EV 95.0 MPH)
Batting: RHB Isaac Paredes 0-0: Called Strike
0-1: Called Strike
0-2: Ball
1-2: Strikes out looking
Batting: SHB Jonah Heim 0-0: Ball
1-0: Called Strike
1-1: Swinging Strike
1-2: Strikes out swinging
Top of the 6th over - 0 runs, 1 hit, 0 errors, 1 left on base; Arizona 3 - Pittsburgh 0
BOTTOM OF THE 6TH
Pittsburgh Pirates batting - Pitching for Arizona Diamondbacks : LHP Eric Lauer
Batting: RHB Pete Alonso 0-0: Ball
1-0: Foul Ball, location: 9LMF
1-1: Ground out 6-3 (Groundball, 6M, EV 76.9 MPH)
Batting: RHB J.D. Davis 0-0: Called Strike
0-1: Ball
1-1: Foul Ball, location: 2F
1-2: Foul Ball, location: 25F
1-2: Strikes out looking
Batting: LHB Joc Pederson 0-0: Called Strike
0-1: Ball
1-1: Ball
2-1: Ball
3-1: Base on Balls
Batting: RHB Enrique Hernández 0-0: Ball
1-0: Called Strike
1-1: Foul Ball, location: 5F
1-2: Fly out, F8 (Flyball, 8LD, EV 81.9 MPH)
Bottom of the 6th over - 0 runs, 0 hits, 0 errors, 1 left on base; Arizona 3 - Pittsburgh 0
TOP OF THE 7TH
Arizona Diamondbacks batting - Pitching for Pittsburgh Pirates : RHP Mike Clevinger
Batting: RHB Victor Robles 0-0: Ball
1-0: Ball
2-0: Ball
3-0: Foul Ball, location: 2F
3-1: Swinging Strike
3-2: Foul Ball, location: 3F
3-2: Foul Ball, location: 25F
3-2: Base on Balls
Batting: RHB Lewis Brinson 0-0: Ball
1-0: Swinging Strike
1-1: DOUBLE (Line Drive, 78D, EV 101.3 MPH)
Victor Robles to third
Batting: RHB Josh Donaldson 0-0: Ball
1-0: Called Strike
1-1: SINGLE (Groundball, 56D, EV 98.8 MPH)
Victor Robles scores
Lewis Brinson to third
Batting: RHB Mauricio Dubon 0-0: Ball
1-0: Ball
2-0: Ball
3-0: Called Strike
3-1: Base on Balls
Josh Donaldson to second
Pitching: RHP Daniel Bard
Batting: LHB Justin Dirden 0-0: Ball
1-0: Called Strike
1-1: Foul Ball, location: 9LSF
1-2: Ball
2-2: Ball
3-2: Strikes out looking
Batting: RHB Amed Rosario 0-0: Ball
1-0: Called Strike
1-1: SINGLE (Groundball, 6MS, EV 84.4 MPH) (infield hit)
Lewis Brinson scores
Josh Donaldson to third
Mauricio Dubon to second
Batting: RHB Miguel Andújar 0-0: SINGLE (Line Drive, 9S, EV 90.0 MPH)
Josh Donaldson scores
Mauricio Dubon to third
Amed Rosario to second
Batting: RHB Isaac Paredes 0-0: Ball
1-0: Ball
Wild Pitch!
Mauricio Dubon scores
Amed Rosario to third
Miguel Andújar to second
2-0: DOUBLE (Flyball, 78D, EV 105.6 MPH)
Amed Rosario scores
Miguel Andújar scores
Batting: SHB Jonah Heim 0-0: Called Strike
0-1: Ball
1-1: Foul Ball, location: 3SF
1-2: Ball
2-2: Ball
3-2: Ground out 4-3 (Groundball, 4, EV 86.3 MPH)
Isaac Paredes to third
Pinch Hitting: LHB Sam Hilliard 0-0: Ball
1-0: Foul Ball, location: 2F
1-1: Ball
2-1: Called Strike
2-2: Strikes out swinging
Top of the 7th over - 6 runs, 5 hits, 0 errors, 1 left on base; Arizona 9 - Pittsburgh 0
BOTTOM OF THE 7TH
Pittsburgh Pirates batting - Pitching for Arizona Diamondbacks : LHP Eric Lauer
Now in CF: Sam Hilliard
Batting: LHB Donovan Walton 0-0: Called Strike
0-1: Swinging Strike
0-2: Ball
1-2: Foul Ball, location: 3F
1-2: Ball
2-2: Foul Ball, location: 3F
2-2: Ground out 6-3 (Groundball, 56, EV 100.0 MPH)
Batting: RHB Christian Bethancourt 0-0: Called Strike
0-1: Called Strike
0-2: Strikes out swinging
Batting: RHB Ryan Kreidler 0-0: Called Strike
0-1: Ball
1-1: Called Strike
1-2: Ball
2-2: Ball
3-2: Base on Balls
Pitching: RHP Jordan Balazovic
Batting: SHB Greg Allen 0-0: Reached on error, E5 (Groundball, 56, EV 81.9 MPH)
Ryan Kreidler to second
Batting: LHB Michael Brantley 0-0: Ball
1-0: Foul Ball, location: 25F
1-1: Ball
2-1: Fly out, F8 (Flyball, 8RD, EV 91.3 MPH)
Bottom of the 7th over - 0 runs, 0 hits, 1 error, 2 left on base; Arizona 9 - Pittsburgh 0
TOP OF THE 8TH
Arizona Diamondbacks batting - Pitching for Pittsburgh Pirates : RHP Daniel Bard
Pitching: RHP Michael Grove
Batting: RHB Lewis Brinson 0-0: Called Strike
0-1: Swinging Strike
0-2: Foul Ball, location: 9LSF
0-2: Ball
1-2: DOUBLE (Line Drive, 9LS, EV 104.4 MPH)
Batting: RHB Josh Donaldson 0-0: Ball
1-0: Called Strike
1-1: Ball
2-1: Foul Ball, location: 2F
2-2: Ball
3-2: Strikes out looking
Batting: RHB Mauricio Dubon 0-0: Called Strike
0-1: Fly out, F8 (Line Drive, 89D, EV 92.5 MPH)
Batting: LHB Justin Dirden 0-0: Called Strike
0-1: Called Strike
0-2: Foul Ball, location: 7LMF
0-2: Strikes out looking
Top of the 8th over - 0 runs, 1 hit, 0 errors, 1 left on base; Arizona 9 - Pittsburgh 0
BOTTOM OF THE 8TH
Pittsburgh Pirates batting - Pitching for Arizona Diamondbacks : RHP Jordan Balazovic
Batting: RHB Pete Alonso 0-0: Ball
1-0: Ball
2-0: Ball
3-0: Base on Balls
Batting: RHB J.D. Davis 0-0: Ball
1-0: Called Strike
1-1: Foul Ball, location: 2F
1-2: Ball
2-2: Ball
3-2: Fielders Choice at 2nd, 6-4 (Groundball, 6, EV 108.1 MPH)
Batting: LHB Joc Pederson 0-0: Grounds into double play, 4-6-3 (Groundball, 4, EV 90.6 MPH)
Bottom of the 8th over - 0 runs, 0 hits, 0 errors, 0 left on base; Arizona 9 - Pittsburgh 0
TOP OF THE 9TH
Arizona Diamondbacks batting - Pitching for Pittsburgh Pirates : RHP Michael Grove
Batting: RHB Amed Rosario 0-0: Called Strike
0-1: Ball
1-1: Ball
2-1: Called Strike
2-2: Ball
3-2: Foul Ball, location: 5F
3-2: SINGLE (Line Drive, 3D, EV 94.4 MPH)
Batting: RHB Miguel Andújar 0-0: Ball
1-0: Fly out, F8 (Flyball, 8LS, EV 91.3 MPH)
Batting: RHB Isaac Paredes 0-0: Foul Ball, location: 9LDF
0-1: Ball
1-1: Fly out, F7 (Flyball, 7LM, EV 93.8 MPH)
Batting: SHB Jonah Heim 0-0: Foul Ball, location: 3F
0-1: Ball
1-1: Foul Ball, location: 3F
1-2: SINGLE (Groundball, 34D, EV 106.3 MPH)
Amed Rosario to second
Runner from 2nd tries for 3rd, SAFE, no throw by RF
Batting: LHB Sam Hilliard 0-0: Fly out, F7 (Flyball, 7D, EV 88.1 MPH)
Top of the 9th over - 0 runs, 2 hits, 0 errors, 2 left on base; Arizona 9 - Pittsburgh 0
BOTTOM OF THE 9TH
Pittsburgh Pirates batting - Pitching for Arizona Diamondbacks : RHP Jordan Balazovic
Batting: RHB Enrique Hernández 0-0: Foul Ball, location: 7LMF
0-1: Ball
1-1: SINGLE (Groundball, 56D, EV 95.6 MPH)
Batting: LHB Donovan Walton 0-0: Called Strike
0-1: Foul Ball, location: 7LDF
0-2: Ball
1-2: Ball
2-2: Strikes out swinging
Pitching: RHP Jimmy Nelson
Pinch Hitting: LHB Travis Jankowski 0-0: Foul Ball, location: 2F
0-1: Ball
1-1: Foul Ball, location: 2F
1-2: Ball
2-2: Ball
3-2: Fielders Choice at 2nd, 3-6 (Groundball, 34S, EV 91.3 MPH)
Batting: RHB Ryan Kreidler 0-0: Ball
1-0: Foul Ball, location: 5F
1-1: Ball
2-1: Ball
3-1: Base on Balls
Travis Jankowski to second
Batting: SHB Greg Allen 0-0: Foul Ball, location: 7LMF
0-1: Foul Ball, location: 9LMF
0-2: Foul Ball, location: 2F
0-2: Ball
1-2: Foul Ball, location: 7LDF
1-2: SINGLE (Groundball, 4, EV 91.3 MPH) (infield hit)
Travis Jankowski to third
Ryan Kreidler to second
Batting: LHB Michael Brantley 0-0: Called Strike
0-1: Foul Ball, location: 5F
0-2: Foul Ball, location: 3F
0-2: Strikes out swinging
Bottom of the 9th over - 0 runs, 2 hits, 0 errors, 3 left on base; Arizona 9 - Pittsburgh 0
Friday, June 16th , 2023 - OOTP Baseball 24.5 Build 64